 Dungeon Crawl Stone Soup version 0.21.1-1-g345015fe64 (webtiles) character file.

7111 Loge the Grappler (level 10, 0/106 HPs)
             Began as a Troll Monk on July 17, 2018.
             Was a Believer of Makhleb.
             Slain by a salamander
             ... wielding a +0 trident
              (7 damage)
             ... on level 1 of the Lair of Beasts.
             The game lasted 00:24:13 (9364 turns).

Loge the Grappler (Troll Monk)                      Turns: 9364, Time: 00:24:13

Health: 0/106      AC:  9    Str: 21    XL:     10   Next: 85%
Magic:  9/9        EV: 11    Int:  6    God:    Makhleb [**....]
Gold:   560        SH:  0    Dex: 15    Spells: 9/9 levels left

rFire    + . .     SeeInvis .     - Unarmed
rCold    . . .     Gourm    +   (no shield)
rNeg     . . .     Faith    .   R - +2 robe {rF+}
rPois    .         Spirit   .   m - +1 hat
rElec    .         Reflect  .   N - +0 cloak
rCorr    .         Harm     .   (gloves unavailable)
MR       .....                  (boots unavailable)
Stlth    ++........             (no amulet)
HPRegen  0.67/turn              (no ring)
MPRegen  0.11/turn              (no ring)

@: marked
A: large, unfitting armour, claws 3, fast metabolism 3, gourmand, regeneration
1, shaggy fur 1, tough skin 2
a: Minor Destruction, Renounce Religion


You were on level 1 of the Lair of Beasts.
You worshipped Makhleb.
Makhleb was pleased with you.
You were completely stuffed.

You visited 3 branches of the dungeon, and saw 12 of its levels.
You also visited: Ossuary and Volcano.

You collected 560 gold pieces.

Inventory:

Hand Weapons
 w - a +0 blowgun
 K - a +2 whip of draining
 Q - a +0 whip of flaming
Missiles
 d - 310 stones (quivered)
 j - 143 poisoned needles
 y - 25 tomahawks
Armour
 m - a +1 hat (worn)
 N - a +0 cloak (worn)
 R - a +2 robe of fire resistance (worn)
Jewellery
 p - a cursed -2 ring of dexterity {unknown}
 F - an uncursed ring of resist corrosion {unknown}
 J - a cursed ring of teleportation {unknown}
Wands
 L - a wand of random effects (16)
 O - a wand of flame (32)
Scrolls
 c - 3 scrolls of immolation {unknown}
 g - a scroll of enchant weapon {unknown}
 i - 4 scrolls of teleportation
 k - 8 scrolls of remove curse
 n - 4 scrolls of blinking {unknown}
 o - 4 scrolls of fear {unknown}
 q - a scroll of magic mapping {unknown}
 s - a scroll of noise {unknown}
 u - 5 scrolls of identify
 v - 4 scrolls of enchant armour
 B - 2 scrolls of random uselessness {unknown}
 C - a scroll of acquirement {unknown}
 E - a scroll of amnesia {unknown}
 H - a scroll of brand weapon {unknown}
 I - a scroll of fog {unknown}
Potions
 e - 6 potions of might
 f - 4 potions of lignification {unknown}
 h - 4 potions of agility {unknown}
 l - 2 potions of mutation {unknown}
 r - 3 potions of heal wounds {unknown}
 t - 4 potions of curing
 x - a potion of haste {unknown}
 z - 3 potions of cancellation {unknown}
 A - a potion of resistance {unknown}
 G - 2 potions of degeneration {unknown}
Books
 D - a book of Minor Magic

   Spells                             Type                      Level
   a - Magic Dart                     Conjuration                  1
   b - Blink                          Translocation                2
   c - Call Imp                       Summoning                    2
   d - Slow                           Hexes                        2
   e - Conjure Flame                  Conjuration/Fire             3
   f - Mephitic Cloud                 Conjuration/Poison/Air       3
 M - a book of Debilitation

   Spells                             Type                      Level
   a - Corona                         Hexes                        1
   b - Slow                           Hexes                        2
   c - Inner Flame                    Hexes/Fire                   3
   d - Portal Projectile              Hexes/Translocation          3
   e - Cause Fear                     Hexes                        4
   f - Leda's Liquefaction            Hexes/Earth                  4
Comestibles
 b - 27 rations
 P - 2 chunks of flesh


   Skills:
 + Level 8.5 Fighting
 - Level 2.4 Dodging
 - Level 1.0 Stealth
 * Level 13.4 Unarmed Combat
 + Level 1.2 Invocations


You had 9 spell levels left.
You didn't know any spells.

Dungeon Overview and Level Annotations

Branches:
Dungeon (10/15)            Temple (1/1) D:7            Lair (1/6) D:9
    Orc (0/2) D:9

Altars:
Ashenzari
Cheibriados
Dithmenos
Elyvilon
Fedhas
Gozag
Hepliaklqana
Kikubaaqudgha
Makhleb
Nemelex Xobeh
Okawaru
Qazlal
Ru
Sif Muna
Trog
Uskayaw
Vehumet
Wu Jian
Xom
Yredelemnul
Zin
The Shining One

Shops:
D:9 [(}   D:10 !


Innate Abilities, Weirdness & Mutations

You are too large for most types of armour.
You have claws for hands.
Your metabolism is lightning-fast.
You like to eat raw meat.
Your natural rate of healing is unusually fast.
You are covered in fur. (AC +1)
You have very tough skin. (AC +2)


Message History

There is a rocky tunnel leading out of this place, spattered with blood here.
The salamander barely misses you.
Welcome back to the Lair of Beasts!
There is a collapsed entrance here.
It was a potion of curing.
You feel better. The salamander hits you with a trident.
* * * LOW HITPOINT WARNING * * *
You are engulfed in flames.
You resist.
* * * LOW HITPOINT WARNING * * *
You mangle the salamander!!
The salamander is heavily wounded.
The salamander barely misses you.
You claw the salamander!
The salamander is severely wounded.
You scratch the salamander.
The salamander is severely wounded.
The salamander hits you with a trident.
* * * LOW HITPOINT WARNING * * *
You are engulfed in flames!
You resist.
You die...

### ###########
####.###.....§.#..
#@........≈≈≈....#
#N≈≈≈..≈≈≈≈.≈≈≈≈§#
#...≈≈≈≈...#....##
##......######.#..
####.### ##### ###


You could see a salamander.

Vanquished Creatures
  The ghost of Htamos the Warrior, a novice GrBe of Trog (D:7)
  A lindwurm (Lair:1)
  Pikel (D:9)
  The ghost of Holzbalken the Geomancer, a novice GrEE of Cheibriados (D:6)
  A hornet (D:7)
  4 hippogriffs
  A wyvern (D:9)
  A wraith (Ossuary)
  A fire bat (Volcano)
  Edmund (D:5)
  A sky beast (D:5)
  6 orc warriors
  A black bear (D:10)
  2 slaves (D:8)
  A phantom (D:4)
  3 ice beasts
  3 ogres
  An eye of draining (D:7)
  A big kobold (D:8)
  The ghost of OlSheep the Sneak, an amateur KoEn (D:3)
  8 bullfrogs
  A scorpion (D:6)
  3 wights (D:7)
  An electric eel (Lair:1)
  2 crimson imps
  5 orc priests
  2 quasits
  A centaur zombie (D:5)
  A gnoll shaman (D:7)
  5 hounds
  A centaur skeleton (D:5)
  2 iguanas
  15 orc wizards
  4 worker ants
  A killer bee zombie (D:9)
  A hound skeleton (D:9)
  A mummy (Ossuary)
  Robin (D:2)
  18 gnolls
  A howler monkey skeleton (D:6)
  6 adders
  2 shadow imps
  2 oozes
  2 adder zombies
  2 adder skeletons
  A worm (D:2)
  A dart slug (D:3)
  4 leopard geckos
  41 orcs
  3 giant cockroaches
  18 hobgoblins
  11 jackals
  3 quokkas
  14 bats
  3 frilled lizards
  7 gnoll skeletons (Ossuary)
  15 goblins
  13 kobolds
  8 kobold skeletons (Ossuary)
  A leopard gecko zombie (D:7)
  10 orc skeletons (Ossuary)
  A quokka skeleton (D:4)
  9 rats
284 creatures vanquished.

Vanquished Creatures (others)
  2 orcs (D:9)
2 creatures vanquished.

Grand Total: 286 creatures vanquished

Notes
Turn   | Place    | Note
-------+----------+-------------------------------------------
     0 | D:1      | Loge the Troll Monk began the quest for the Orb.
     0 | D:1      | Reached XP level 1. HP: 22/22 MP: 0/0
    69 | D:1      | Reached XP level 2. HP: 25/29 MP: 1/1
   599 | D:1      | Reached XP level 3. HP: 29/36 MP: 2/2
   806 | D:2      | Noticed Robin
   813 | D:2      | Reached skill level 4 in Unarmed Combat
   823 | D:2      | Killed Robin
   938 | D:2      | Found a faded altar of an unknown god.
  1345 | D:2      | Reached XP level 4. HP: 45/45 MP: 3/3
  1576 | D:3      | Noticed OlSheep's ghost (amateur KoEn)
  1590 | D:3      | Killed OlSheep's ghost
  1590 | D:3      | Reached skill level 5 in Unarmed Combat
  1590 | D:3      | Reached XP level 5. HP: 46/53 MP: 4/4
  2332 | D:4      | Reached XP level 6. HP: 55/62 MP: 5/5
  2691 | D:4      | Reached skill level 6 in Unarmed Combat
  3432 | D:4      | Found a white marble altar of Elyvilon.
  3477 | D:4      | Reached XP level 7. HP: 65/70 MP: 6/6
  3547 | D:4      | Reached skill level 7 in Unarmed Combat
  3618 | D:5      | Entered Level 5 of the Dungeon
  3669 | D:5      | Found a sand-covered staircase.
  3675 | Ossuary  | Entered an ossuary
  3675 | Ossuary  | Noticed a wraith
  3675 | Ossuary  | Noticed a wraith
  3675 | Ossuary  | Noticed a wraith
  3724 | Ossuary  | Noticed a wraith
  3755 | Ossuary  | Killed a wraith
  3992 | D:5      | Noticed Edmund
  3998 | D:5      | Killed Edmund
  4065 | D:5      | Reached skill level 5 in Fighting
  4065 | D:5      | Reached skill level 8 in Unarmed Combat
  4069 | D:5      | Reached XP level 8. HP: 67/80 MP: 7/7
  4915 | D:6      | Noticed Holzbalken's ghost (novice GrEE)
  4983 | D:6      | Killed Holzbalken's ghost
  4983 | D:6      | Reached skill level 9 in Unarmed Combat
  5159 | D:6      | Found a shadowy altar of Dithmenos.
  5286 | D:6      | Reached skill level 10 in Unarmed Combat
  5336 | D:6      | Reached XP level 9. HP: 70/89 MP: 8/8
  6071 | D:7      | Reached skill level 11 in Unarmed Combat
  6289 | D:7      | Noticed Htamos's ghost (novice GrBe)
  6299 | D:7      | Killed Htamos's ghost
  6299 | D:7      | Reached skill level 12 in Unarmed Combat
  6299 | D:7      | Reached XP level 10. HP: 52/102 MP: 9/9
  6469 | D:7      | Found a staircase to the Ecumenical Temple.
  6484 | Temple   | Entered the Ecumenical Temple
  6588 | Temple   | Became a worshipper of Makhleb the Destroyer
  6588 | Temple   | Reached * piety under Makhleb
  6588 | Temple   | Reached ** piety under Makhleb
  7349 | D:8      | Found a bloodstained altar of Trog.
  8054 | D:9      | Found Zeycyrgh's Gadget Emporium.
  8187 | D:10     | Entered Level 10 of the Dungeon
  8291 | D:9      | Noticed Pikel
  8949 | D:10     | Found Uproiw's Distillery.
  9002 | D:9      | Killed Pikel
  9022 | D:9      | Found Hygenauc's Armour Emporium.
  9026 | D:9      | Reached skill level 13 in Unarmed Combat
  9048 | D:9      | Found a staircase to the Orcish Mines.
  9070 | D:9      | Found Ikliat's Weapon Emporium.
  9090 | D:9      | Found a staircase to the Lair.
  9234 | Lair:1   | Entered Level 1 of the Lair of Beasts
  9285 | Lair:1   | Found a dark tunnel.
  9286 | Lair:1   | Noticed a lindwurm
  9294 | Lair:1   | Killed a lindwurm
  9294 | Lair:1   | Reached skill level 1 in Invocations
  9330 | Volcano  | Entered a volcano
  9339 | Volcano  | Noticed a salamander
  9340 | Volcano  | Noticed a salamander
  9341 | Volcano  | Noticed a two-headed ogre
  9358 | Volcano  | HP: 1/106 [salamander/trident (6)]
  9364 | Lair:1   | Slain by a salamander

Skill      XL: |  1  2  3  4  5  6  7  8  9 10 |
---------------+-------------------------------+-----
Unarmed Combat | 4 5 6 8 10 12 13 | 13.4
Fighting       | 3 4 5 6 7 8 |  8.5
Invocations    | 1 |  1.2
Dodging        | |  2.4
Stealth        | |  1.0

Action                   |  1- 3 |  4- 6 |  7- 9 | 10-12 || total
-------------------------+-------+-------+-------+-------++-------
Melee: Unarmed           |   111 |   128 |   369 |   165 ||   773
       Punch             |       |     7 |    18 |    10 ||    35
  Use: Scroll            |       |       |     1 |     3 ||     4
       Potion            |       |       |       |     1 ||     1
 Stab: Sleeping          |     3 |     1 |     5 |     2 ||    11
       Distracted        |       |     1 |       |     1 ||     2
  Eat: Chunk             |    17 |    18 |    28 |    28 ||    91
Armor: Robe              |    34 |    39 |    77 |    50 ||   200
Dodge: Dodged            |    75 |    46 |   157 |    84 ||   362
